 Dungeon Crawl Stone Soup version 0.21.1-1-g345015f (webtiles) character file.

204 tidbits the Digger (level 5, -3/40 HPs)
             Began as a Gnoll Earth Elementalist on Feb 8, 2018.
             Slain by Lovchig's ghost (10 damage)
             ... on level 5 of the Dungeon.
             The game lasted 00:07:00 (701 turns).

tidbits the Digger (Gnoll Earth Elementalist)        Turns: 701, Time: 00:07:01

Health: -3/40      AC: 10    Str: 13 (16) XL:     5   Next: 82%
Magic:  12/12      EV: 14    Int: 19 (23) God:
Gold:   71         SH:  0    Dex: 14 (15) Spells: 5/14 levels left

rFire    + . .     SeeInvis .   m - +1 rapier of the Little People {protect, Int+5} (curse)
rCold    + . .     Gourm    .   (no shield)
rNeg     . . .     Faith    .   B - +1 robe
rPois    .         Spirit   .   (no helmet)
rElec    .         Reflect  .   (no cloak)
rCorr    .         Harm     .   (no gloves)
MR       .....                  (no boots)
Stlth    +++.......             (no amulet)
HPRegen  0.13/turn              i - ring of protection from fire
MPRegen  0.13/turn              q - ring of protection from cold

@: mighty, protection aura
A: distributed training, fangs 1, deterioration 1, robust 1, strong nose
a: no special abilities


You were on level 5 of the Dungeon.
You were not hungry.

You visited 1 branch of the dungeon, and saw 5 of its levels.

You collected 71 gold pieces.

Inventory:

Hand Weapons
 a - a +0 dagger
 m - the cursed +1 rapier of the Little People (weapon) {protect, Int+5}
   (You found it on level 4 of the Dungeon)

   It protects the one who uses it against injury (+AC on strike).
   It affects your intelligence (+5).
   It has a curse placed upon it.
 p - a +0 hunting sling
Missiles
 b - 31 stones (quivered)
 h - 6 curare-tipped needles
 n - 15 arrows
Armour
 B - a +1 robe (worn)
Jewellery
 i - a ring of protection from fire (left hand)
   (You found it on level 3 of the Dungeon)
 k - an uncursed ring of positive energy
   (You found it on level 2 of the Dungeon)
 q - a ring of protection from cold (right hand)
   (You found it on level 5 of the Dungeon)
Scrolls
 f - a scroll of amnesia
 r - a scroll of magic mapping {unknown}
 s - a scroll of teleportation
Books
 e - a book of Geomancy

   Spells                             Type                      Level
   a - Sandblast                      Earth                        1
   b - Passwall                       Transmutation/Earth          2
   c - Stone Arrow                    Conjuration/Earth            3
   d - Petrify                        Transmutation/Earth          4
   e - Lee's Rapid Deconstruction     Earth                        5
 l - a book of Maledictions
   (You found it on level 4 of the Dungeon)

   Spells                             Type                      Level
   a - Corona                         Hexes                        1
   b - Ensorcelled Hibernation        Hexes/Ice                    2
   c - Confuse                        Hexes                        3
   d - Tukima's Dance                 Hexes                        3
   e - Dazzling Spray                 Conjuration/Hexes            3
Comestibles
 d - 3 rations


   Skills:
 + Level 1.6 Fighting
 + Level 1.6 Short Blades
 + Level 1.6 Long Blades
 + Level 1.6 Axes
 + Level 1.6 Maces & Flails
 + Level 1.6 Polearms
 + Level 1.6 Staves
 + Level 1.6 Slings
 + Level 1.6 Bows
 + Level 1.6 Crossbows
 + Level 1.6 Throwing
 + Level 1.6 Armour
 + Level 4.8 Dodging
 + Level 4.4 Stealth
 + Level 1.6 Shields
 + Level 1.6 Unarmed Combat
 + Level 5.2 Spellcasting
 + Level 1.3 Conjurations
 + Level 1.3 Hexes
 + Level 1.3 Charms
 + Level 1.3 Summonings
 + Level 1.3 Necromancy
 + Level 1.3 Translocations
 + Level 2.4 Transmutations
 + Level 1.3 Fire Magic
 + Level 1.3 Ice Magic
 + Level 1.3 Air Magic
 + Level 5.6 Earth Magic
 + Level 1.3 Poison Magic
 + Level 1.8 Invocations
 + Level 1.6 Evocations


You had 5 spell levels left.
You knew the following spells:

 Your Spells              Type           Power        Failure   Level  Hunger
a - Sandblast             Erth           ####..       1%          1    None
e - Petrify               Tmut/Erth      ###.....     22%         4    ####...
h - Ensorcelled Hibernat  Hex/Ice        #.....       11%         2    None
p - Passwall              Tmut/Erth      ###.......   3%          2    None


Dungeon Overview and Level Annotations

Branches:
Dungeon (5/15)
 Temple: D:4-7

Altars:
Wu Jian

Shops:
D:5 *

Annotations:
D:3 Xelenos's ghost, amateur MiMo
D:5 Lovchig's ghost, novice DDFi


Innate Abilities, Weirdness & Mutations

Your experience applies equally to all skills.
You have very sharp teeth.
Your uncanny sense of smell can sniff out nearby items.
Your body sometimes deteriorates upon taking damage.
You are robust. (+10% HP)


Message History

o - 2 glowing coppery potions (gained 1)
There are no items here.
There is an open door here.
There is an open door here.
There is an open door here.
Found an escape hatch in the floor.
Found 19 gold pieces.
There is an open door here.
You open the door.
You see here 19 gold pieces.
You now have 71 gold pieces (gained 19).
Found a ration.
You see here a ration.
d - 3 rations (gained 1) As you open the door, it creaks loudly!
There is an open door here.
Found a leather armour.
You open the door.
There is an open door here.
Found a scroll labeled KUHOG RING.
Found a scroll of teleportation.
You see here a scroll labeled KUHOG RING.
r - a scroll labeled KUHOG RING Something unseen opens the door.
Found a stone staircase leading down.
You see here a scroll of teleportation.
s - a scroll of teleportation
Found Bur Men's General Store.
A player ghost and a zombie come into view.
There is an abandoned shop here.
Throwing (i - inventory):
b - 32 stones (quivered)
Press: ? - help, Shift-Dir - straight line, f - leopard gecko zombie
Aim: a leopard gecko zombie (resting)
You throw a stone.
The stone completely misses the leopard gecko zombie.
It was a potion of heal wounds.
You feel much better.
It was a potion of degeneration.
There was something very wrong with that liquid.
You feel weakened.
You feel dopey.
You feel clumsy.
Lovchig's ghost says, "You can hit me, but you can't hurt me."
It was a potion of curing.
You feel better.
It was a potion of might.
You feel very mighty all of a sudden. Lovchig's ghost barely misses you.
You barely miss Lovchig's ghost.
Lovchig's ghost keens inconsolably.
Lovchig's ghost misses you.
You barely miss Lovchig's ghost. Lovchig's ghost barely misses you.
You hit Lovchig's ghost.
Your weapon exudes an aura of protection.
Lovchig's ghost is lightly damaged.
Lovchig's ghost hits you but does no damage.
You hit Lovchig's ghost but do no damage.
Lovchig's ghost is lightly damaged.
Lovchig's ghost hits you! Lovchig's ghost barely misses you.
You barely miss Lovchig's ghost.
Lovchig's ghost is lightly damaged.
Lovchig's ghost barely misses you.
You closely miss Lovchig's ghost. You bite Lovchig's ghost.
Lovchig's ghost is lightly damaged.
Lovchig's ghost hits you!
Your body deteriorates!
You feel weakened.
You puncture Lovchig's ghost!
You bite Lovchig's ghost, but do no damage.
Lovchig's ghost is lightly damaged.
Lovchig's ghost hits you but does no damage.
You puncture Lovchig's ghost! You bite Lovchig's ghost.
Lovchig's ghost is moderately damaged.
Lovchig's ghost hits you!
* * * LOW HITPOINT WARNING * * *
You hit Lovchig's ghost.
Lovchig's ghost is moderately damaged.
Lovchig's ghost barely misses you.
You hit Lovchig's ghost. You bite Lovchig's ghost.
Lovchig's ghost is heavily damaged.
Lovchig's ghost hits you!
* * * LOW HITPOINT WARNING * * *
You feel much better. Lovchig's ghost hits you.
* * * LOW HITPOINT WARNING * * *
Your body deteriorates!
You feel dopey.
You closely miss Lovchig's ghost.
Lovchig's ghost is heavily damaged.
Lovchig's ghost barely misses you.
You hit Lovchig's ghost. You bite Lovchig's ghost!
Lovchig's ghost is severely damaged.
Lovchig's ghost barely misses you.
You completely miss Lovchig's ghost.
Lovchig's ghost is severely damaged.
Lovchig's ghost hits you.
* * * LOW HITPOINT WARNING * * *
Lovchig's ghost hits you but does no damage.
You hit Lovchig's ghost.
Lovchig's ghost is almost destroyed.
Lovchig's ghost wails.
Lovchig's ghost hits you!
* * * LOW HITPOINT WARNING * * *
You hit Lovchig's ghost.
Lovchig's ghost is almost destroyed.
Lovchig's ghost hits you!
You die...

#............................
#............................
#............................
...#'######........###########
...#......#........#.........#
.. +......#........#.........'
#......#........#.........#
#...WZ.#........#.........#
#......#..@.....###.##....#
#......#.W.>.############'#
#......#.....#............#
#....∩.∩.....#............#
#............#............#
#....∩.∩.....#............#
#............#.............
#......#.....#.............
#......#.....#.............


You could see Lovchig's ghost.

Vanquished Creatures
  A crimson imp (D:5)
  A bullfrog zombie (D:3)
  A jelly (D:5)
  An orc wizard (D:4)
  A hound skeleton (D:4)
  3 gnolls (D:2)
  An adder (D:4)
  3 dart slugs
  A leopard gecko (D:1)
  3 orcs (D:4)
  A ball python (D:2)
  2 bats
  A giant cockroach (D:2)
  2 goblins (D:1)
  A hobgoblin (D:1)
  4 kobolds
  4 rats
31 creatures vanquished.

Notes
Turn   | Place    | Note
-------+----------+-------------------------------------------
     0 | D:1      | tidbits the Gnoll Earth Elementalist began the quest for the Orb.
     0 | D:1      | Reached XP level 1. HP: 13/13 MP: 6/6
    21 | D:1      | Reached skill level 2 in Transmutations
    30 | D:1      | Reached XP level 2. HP: 19/19 MP: 1/7
    34 | D:1      | Learned a level 2 spell: Passwall
    80 | D:2      | Reached skill level 5 in Spellcasting
    80 | D:2      | Reached XP level 3. HP: 25/25 MP: 0/9
    82 | D:2      | Gained mutation: Your body sometimes deteriorates upon taking damage. [potion of mutation]
    82 | D:2      | Gained mutation: You are robust. (+10% HP) [potion of mutation]
   107 | D:2      | Reached skill level 1 in Invocations
   183 | D:3      | Found an ornate altar of the Wu Jian Council.
   186 | D:3      | Noticed Xelenos's ghost (amateur MiMo)
   229 | D:3      | Reached skill level 1 in Fighting
   229 | D:3      | Reached skill level 1 in Short Blades
   229 | D:3      | Reached skill level 1 in Long Blades
   229 | D:3      | Reached skill level 1 in Axes
   229 | D:3      | Reached skill level 1 in Maces & Flails
   229 | D:3      | Reached skill level 1 in Polearms
   229 | D:3      | Reached skill level 1 in Staves
   229 | D:3      | Reached skill level 1 in Slings
   229 | D:3      | Reached skill level 1 in Bows
   229 | D:3      | Reached skill level 1 in Crossbows
   229 | D:3      | Reached skill level 1 in Throwing
   229 | D:3      | Reached skill level 1 in Armour
   229 | D:3      | Reached skill level 1 in Shields
   229 | D:3      | Reached skill level 1 in Unarmed Combat
   229 | D:3      | Reached skill level 1 in Evocations
   229 | D:3      | Reached XP level 4. HP: 15/35 MP: 6/11
   239 | D:4      | Learned a level 4 spell: Petrify
   320 | D:4      | Reached skill level 1 in Conjurations
   320 | D:4      | Reached skill level 1 in Hexes
   320 | D:4      | Reached skill level 1 in Charms
   320 | D:4      | Reached skill level 1 in Summonings
   320 | D:4      | Reached skill level 1 in Necromancy
   320 | D:4      | Reached skill level 1 in Translocations
   320 | D:4      | Reached skill level 1 in Fire Magic
   320 | D:4      | Reached skill level 1 in Ice Magic
   320 | D:4      | Reached skill level 1 in Air Magic
   320 | D:4      | Reached skill level 1 in Poison Magic
   320 | D:4      | Reached XP level 5. HP: 17/40 MP: 2/12
   423 | D:4      | Learned a level 2 spell: Ensorcelled Hibernation
   438 | D:4      | Got a bloodstained rapier
   439 | D:4      | Identified the cursed +1 rapier of the Little People {protect, Int+5} (You found it on level 4 of the Dungeon)
   454 | D:5      | Entered Level 5 of the Dungeon
   673 | D:5      | Found Bur Men's General Store.
   677 | D:5      | Noticed Lovchig's ghost (novice DDFi)
   701 | D:5      | Slain by Lovchig's ghost

Skill      XL: |  1  2  3  4 |
---------------+-------------+-----
Transmutations | 2 |  2.4
Spellcasting   | 5 |  5.2
Invocations    | 1 |  1.8
Fighting       | 1 |  1.6
Short Blades   | 1 |  1.6
Long Blades    | 1 |  1.6
Axes           | 1 |  1.6
Maces & Flails | 1 |  1.6
Polearms       | 1 |  1.6
Staves         | 1 |  1.6
Slings         | 1 |  1.6
Bows           | 1 |  1.6
Crossbows      | 1 |  1.6
Throwing       | 1 |  1.6
Armour         | 1 |  1.6
Shields        | 1 |  1.6
Unarmed Combat | 1 |  1.6
Evocations     | 1 |  1.6
Conjurations   | 1 |  1.3
Hexes          | 1 |  1.3
Charms         | 1 |  1.3
Summonings     | 1 |  1.3
Necromancy     | 1 |  1.3
Translocations | 1 |  1.3
Fire Magic     | 1 |  1.3
Ice Magic      | 1 |  1.3
Air Magic      | 1 |  1.3
Poison Magic   | 1 |  1.3
Dodging        | |  4.8
Stealth        | |  4.4
Earth Magic    | |  5.6

Action                   |  1- 3 |  4- 6 || total
-------------------------+-------+-------++-------
Melee: Dagger            |    12 |     3 ||    15
       Bite              |     1 |     5 ||     6
       Rapier            |       |    23 ||    23
       Punch             |       |     1 ||     1
Throw: Stone             |       |     1 ||     1
 Cast: Sandblast         |    16 |    22 ||    38
       Passwall          |     1 |       ||     1
  Use: Scroll            |     1 |     3 ||     4
       Potion            |     1 |     5 ||     6
 Stab: Sleeping          |     3 |     4 ||     7
Armor: Robe              |       |     5 ||     5
Dodge: Dodged            |    12 |    28 ||    40

Table legend:
 A = Turns spent in this place as a percentage of turns spent in the entire game.
 B = Non-inter-level travel turns spent in this place as a percentage of non-inter-level travel turns spent in the entire game.
 C = Inter-level travel turns spent in this place as a percentage of turns spent in this place.
 D = Turns resting spent in this place as a percentage of non-inter-level travel turns spent in this place.
 E = Turns spent auto-exploring this place as a percentage of non-inter-level travel turns spent in this place.
 F = Non-inter-level travel turns spent in this place divided by the number of levels of this place that you've seen.
                   A       B       C       D       E      F
               +-------+-------+-------+-------+-------+----------------------
         Total | 100.0 | 100.0 |   0.0 |   0.0 |   0.0 | 140.2
       Dungeon | 100.0 | 100.0 |   0.0 |   0.0 |   0.0 | 140.2
               +-------+-------+-------+-------+-------+----------------------

Table legend:
 A = Kills in this place as a percentage of kills in entire the game.
 B = Kills by you in this place as a percentage of kills by you in the entire game.
 C = Kills by friends in this place as a percentage of kills by friends in the entire game.
 D = Other kills in this place as a percentage of other kills in the entire game.
 E = Experience gained in this place as a percentage of experience gained in the entire game.
 F = Experience gained in this place divided by the number of levels of this place that you have seen.
                   A       B       C       D       E      F
               +-------+-------+-------+-------+-------+----------------------
         Total | 100.0 | 100.0 |   N/A |   N/A | 100.0 |  58.4
       Dungeon | 100.0 | 100.0 |   N/A |   N/A | 100.0 |  58.4
               +-------+-------+-------+-------+-------+----------------------

Vault maps used:
D:1:      minmay_arrival_shoal_huts
D:2:      cheibrodos_pilgrimage, minmay_split_cup_small
D:3:      old_standard_altar, first_ration
D:5:      grunt_temple_overflow_cloverleaf, serial_shops,
          nicolae_shop_competitors_out_of_business
